 Dungeon Crawl Stone Soup version 0.31-a0-662-g684573625c (webtiles) character file.

Game seed: 2484439758412252749

979 Joey1 the Poker (level 7, 0/64 HPs)
             Began as a Minotaur Fighter on Aug 31, 2023.
             Slain by an adder (2 damage)
             ... on level 5 of the Dungeon on Sept 1, 2023.
             The game lasted 00:14:47 (3304 turns).

Joey1 the Poker (Minotaur Fighter)                  Turns: 3304, Time: 00:14:48

Health: 0/64       AC:  7    Str: 27    XL:     7   Next: 96%
Magic:  6/6        EV: 10    Int:  8    God:
Gold:   235        SH:  9    Dex:  9    Spells: 6/6 levels left

rFire   + . .        t - +8 spear of Xary {flame, Will+ Str+4 Int+3}
rCold   . . .        c - +0 buckler
rNeg    . . .        b - +0 scale mail
rPois   +            (helmet restricted)
rElec   .            h - scarf {+Inv}
rCorr   .            (no gloves)
SInv    .            (no boots)
Will    +....        v - amulet of reflection Stlth
                     l - ring of poison resistance
HPRegen 0.30/turn    p - ring of protection from fire
MPRegen 0.10/turn

%: reflection
@: about to teleport, studying Transmutations
A: horns 2, retaliatory headbutt
a: Evoke Invisibility


You were on level 5 of the Dungeon.
You visited 2 branches of the dungeon, and saw 6 of its levels.
You also visited: Ossuary.

You collected 235 gold pieces.

Inventory:

Hand Weapons
 a - a +0 war axe
 t - the +8 spear of Xary (weapon) {flame, Will+ Str+4 Int+3}
   (You found it on level 3 of the Dungeon)

   Str+4:     It affects your strength (+4).
   Int+3:     It affects your intelligence (+3).
   Will+:     It increases your willpower.
Missiles
 r - 2 throwing nets
 s - 6 poisoned darts
Armour
 b - a +0 scale mail (worn)
 c - a +0 buckler (worn)
 h - a scarf of invisibility (worn)
 w - a +0 chain mail
Jewellery
 l - a ring of poison resistance (left hand)
 p - a ring of protection from fire (right hand)
 v - an amulet of reflection (around neck)
Scrolls
 e - a scroll of enchant weapon {unknown}
 f - 2 scrolls of enchant armour {unknown}
 g - 2 scrolls of teleportation
 i - a scroll of amnesia {unknown}
 j - 5 scrolls of identify
 m - a scroll of silence {unknown}
 n - a scroll of fear {unknown}
 y - a scroll of torment {unknown}
 B - a scroll of brand weapon {unknown}
 C - a scroll of acquirement {unknown}
Potions
 d - a potion of might
 k - 2 potions of magic {unknown}
 o - a potion of enlightenment {unknown}
 q - 2 potions of resistance {unknown}
 u - 2 potions of curing {unknown}
 x - 2 potions of heal wounds {unknown}
 z - a potion of attraction {unknown}
 A - a potion of mutation {unknown}


   Skills:
 + Level 6.4 Fighting
 - Level 3.2(5.8) Axes
 - Level 7.6(8.0) Polearms
 - Level 4.0 Armour
 - Level 3.0 Dodging
 - Level 5.0 Shields


You had 6 spell levels left.
You didn't know any spells.
Your spell library contained the following spells:

 Spells                   Type           Power      Damage    Failure   Level
 Blink                    Tloc           0%         N/A       86%         2
 Frozen Ramparts          Ice            0%         1d1       97%         3
 Ozocubu's Armour         Ice            0%         N/A       97%         3
 Leda's Liquefaction      Hex/Erth       0%         N/A       100%        4
 Manifold Assault         Tloc           0%         N/A       100%        4
 Petrify                  Tmut/Erth      0%         N/A       100%        4
 Lee's Rapid Deconstruct  Erth           0%         3d4*      100%        5
 Metabolic Englaciation   Hex/Ice        0%         N/A       100%        5
 Leda's Unmaking          Conj/Erth      0%         9d1       100%        6
 Ozocubu's Refrigeration  Ice            0%         4d7       100%        7


Dungeon Overview and Level Annotations

Branches:
Dungeon (5/15)             Temple (1/1) D:4         Ossuary (visited)

Altars:
Ashenzari
Cheibriados
Dithmenos
Elyvilon
Fedhas
Gozag
Hepliaklqana
Kikubaaqudgha
Makhleb
Nemelex Xobeh
Qazlal
Ru
Sif Muna
Trog
Vehumet
Wu Jian
Xom
Yredelemnul
Zin
The Shining One

Annotations:
D:5 Duvessa


Innate Abilities, Weirdness & Mutations

You have a pair of horns on your head.
You reflexively headbutt those who attack you in melee.


Message History

Dowan gestures wildly while chanting.
Dowan blinks!
Duvessa attacks as she pursues you! Duvessa hits you with a +0 short sword.
You miss Dowan. Your headbutt misses Dowan. The adder closely misses you.
You hit Dowan. You burn Dowan. Your headbutt misses Dowan.
Dowan is moderately wounded.
Duvessa hits you but does no damage. You block the adder's attack.
Dowan completely misses you. You furiously retaliate!
You headbutt Dowan! You hit Dowan. You burn Dowan.
You kill Dowan!
Duvessa weeps, and shakes her weapon.
Duvessa goes berserk!
Duvessa hits you with a +0 short sword! The adder bites you but does no damage.
You puncture Duvessa! You burn Duvessa.
Duvessa is heavily wounded.
Duvessa hits you with a +0 short sword! You block the adder's attack.
The sleepcap releases spores at you!
You are engulfed in a cloud of soporific spores!
You fall asleep.
Duvessa hits you with a +0 short sword!!
You wake up.
* * * LOW HITPOINT WARNING * * *
The adder bites you but does no damage. The sleepcap releases spores at you.
* * * LOW HITPOINT WARNING * * *
You are engulfed in a cloud of soporific spores!
You are unaffected.
Duvessa hits you with a +0 short sword.
* * * LOW HITPOINT WARNING * * *
As you read the scroll labelled JIUZXO OSTIL, it crumbles to dust.
It is a scroll of identify.
g - 3 scrolls of teleportation The adder bites you but does no damage.
You block Duvessa's attack. The sleepcap barely misses you.
The adder barely misses you.
As you read the scroll of teleportation, it crumbles to dust.
You feel strangely unstable. Duvessa hits you with a +0 short sword!
* * * LOW HITPOINT WARNING * * *
The adder bites you but does no damage. The sleepcap closely misses you.
You block Duvessa's attack.
Unknown command.
The adder attacks as it pursues you! The adder bites you.
You die...

#................
#................
##................
.................
##..............
#..........#...
#.....f....#
##....eS....#
##.....)@....#
##.......†....#
..#...#........##
#.#.#.##......##
.......†..##### #.
...........# ..
........>..##
..##..........#
..#...........#


You could see Duvessa (berserk), a sleepcap and an adder.

Vanquished Creatures
  A black bear (D:4)
  An ogre (D:5)
  2 centaurs (D:4)
  2 scorpions
  Dowan (D:5)
  3 centaur zombies (Ossuary)
  A hound (D:5)
  A human zombie (Ossuary)
  An orc priest (D:5)
  2 sleepcaps
  An orc wizard (D:5)
  3 hound zombies (Ossuary)
  3 mummies (Ossuary)
  Robin (D:2)
  2 adders (D:4)
  5 adder zombies (Ossuary)
  A worm (D:2)
  2 dart slugs
  An orc (D:5)
  4 bats
  3 endoplasms
  4 giant cockroaches
  10 goblins
  12 hobgoblins
  4 jackals (D:4)
  A quokka (D:2)
  5 ball pythons
  5 frilled lizards
  2 gnoll zombies (Ossuary)
  4 goblin zombies (Ossuary)
  4 hobgoblin zombies (Ossuary)
  3 jackal zombies (Ossuary)
  6 kobolds
  4 kobold zombies (Ossuary)
  2 orc zombies (Ossuary)
  3 quokka zombies (Ossuary)
  4 rats
  2 rat zombies (Ossuary)
116 creatures vanquished.

Notes
Turn   | Place    | Note
-------+----------+-------------------------------------------
     0 | D:1      | Joey1 the Minotaur Fighter began the quest for the Orb.
     0 | D:1      | Reached XP level 1. HP: 19/19 MP: 0/0
    97 | D:1      | Reached XP level 2. HP: 22/27 MP: 1/1
   785 | D:2      | Noticed Robin
   790 | D:2      | Reached XP level 3. HP: 25/33 MP: 2/2
   793 | D:2      | Reached skill level 1 in Dodging
   797 | D:2      | Killed Robin
  1534 | D:3      | Identified the +8 spear of Xary {flame, Will+ Str+4 Int+3}
  1954 | D:4      | Reached XP level 4. HP: 41/41 MP: 3/3
  1992 | D:4      | Reached skill level 1 in Polearms
  2077 | D:4      | Noticed a black bear
  2089 | D:4      | Killed a black bear
  2090 | D:4      | Reached skill level 2 in Polearms
  2090 | D:4      | Reached XP level 5. HP: 47/47 MP: 4/4
  2134 | D:4      | Reached skill level 5 in Fighting
  2134 | D:4      | Reached skill level 5 in Shields
  2134 | D:4      | Reached XP level 6. HP: 56/56 MP: 5/5
  2143 | D:4      | Found a sand-covered staircase.
  2147 | Ossuary  | Entered an ossuary
  2176 | Ossuary  | Reached skill level 3 in Polearms
  2259 | Ossuary  | Reached skill level 4 in Polearms
  2326 | Ossuary  | Reached skill level 5 in Polearms
  2621 | D:4      | Found a staircase to the Ecumenical Temple.
  2624 | D:4      | Reached XP level 7. HP: 61/61 MP: 6/6
  2636 | Temple   | Entered the Ecumenical Temple
  2803 | D:4      | Reached skill level 6 in Polearms
  3040 | D:5      | Entered Level 5 of the Dungeon
  3062 | D:5      | Reached skill level 7 in Polearms
  3284 | D:5      | Noticed Duvessa
  3285 | D:5      | Noticed Dowan
  3299 | D:5      | Killed Dowan
  3303 | D:5      | HP: 2/64 [Duvessa/+0 short sword (7)]
  3304 | D:5      | Slain by an adder

Illustrated notes

Levels and vault maps discovered:
D:1:      evilmike_arrival_hilbert_curve, layout_basic,
          ebering_dispersal_statue_hall
D:2:      layout_loops_ring, uniq_robin
D:3:      layout_loops_ring
D:4:      layout_cave_pools, minmay_temple_entry_ruins,
          nicolae_ossuary_entry_plus, minmay_manual_mares
D:5:      layout_rooms, uniq_duvessa
Temple:   nicolae_temple_bog_church

Skill      XL: |  1  2  3  4  5  6  7 |
---------------+----------------------+-----
Armour         | 4 |  4.0
Shields        | 4 5 |  5.0
Fighting       | 4 5 6 |  6.4
Axes           | 3 |  3.2
Dodging        | 1 2 3 |  3.0
Polearms       | 2 5 7 |  7.6

Action                     |  1- 3 |  4- 6 |  7- 9 || total
---------------------------+-------+-------+-------++-------
  Melee: War axe           |    81 |       |       ||    81
         Headbutt          |    10 |    13 |     4 ||    27
         Spear             |     4 |   112 |    43 ||   159
    Use: Scroll            |       |       |     2 ||     2
 Armour: Scale mail        |    67 |    26 |    34 ||   127
  Dodge: Dodged            |    45 |    13 |    11 ||    69
  Block: Buckler           |    16 |    21 |    11 ||    48
         Reflection        |       |     1 |     2 ||     3

Table legend: (Time is in decaauts)
 A = Elapsed time spent in this place.
 B = Non-inter-level travel time spent in this place.
 C = Inter-level travel time spent in this place.
 D = Time resting spent in this place.
 E = Time spent auto-exploring this place.
 F = Levels seen in this place.
 G = Mean time per level.
                   A        B        C        D        E       F      G
               +--------+--------+--------+--------+--------+-----+--------+
         Total |   3311 |   3154 |    157 |    292 |   2137 |   7 |  473.0 |
       Dungeon |   2961 |   2832 |    129 |    292 |   1989 |   5 |  592.2 |
        Temple |     29 |      1 |     28 |      0 |      0 |   1 |   29.0 |
       Ossuary |    320 |    320 |      0 |      0 |    148 |   1 |  320.0 |
               +--------+--------+--------+--------+--------+-----+--------+

Top non-repeatable levels by time:
     D:4: 741 daAuts
     D:2: 709 daAuts
     D:1: 640 daAuts
     D:3: 615 daAuts
 Ossuary: 320 daAuts
     D:5: 255 daAuts
  Temple: 29 daAuts
